 Dungeon Crawl Stone Soup version 0.31-a0-7-g51783674b7 (webtiles) character file.

Game seed: 13516882559638690737

309 pokeman the Magician (level 6, -4/34 HPs)
             Began as a Deep Elf Hedge Wizard on May 6, 2023.
             Was an Initiate of Vehumet.
             Slain by a lemure (5 damage)
             ... led by Pikel
             ... on level 4 of the Dungeon.
             The game lasted 00:05:17 (3424 turns).

pokeman the Magician (Deep Elf Hedge Wizard)        Turns: 3424, Time: 00:05:18

Health: -4/34      AC:  2    Str: 13    XL:     6   Next: 17%
Magic:  8/17       EV: 13    Int: 21    God:    Vehumet [......]
Gold:   146        SH:  0    Dex: 14    Spells: 7/18 levels left

rFire   . . .        j - +2 whip (drain)
rCold   . . .        (no shield)
rNeg    . . .        b - +0 robe
rPois   .            c - +0 hat
rElec   .            (no cloak)
rCorr   .            (no gloves)
SInv    .            (no boots)
Will    .....        (no amulet)
Stlth   ++           o - +6 ring of strength
HPRegen 0.25/turn    (no ring)
MPRegen 0.15/turn

%: no passive effects
@: no status effects
A: no striking features
a: Renounce Religion


You were on level 4 of the Dungeon.
You worshipped Vehumet.
Vehumet was noncommittal.
You visited 2 branches of the dungeon, and saw 5 of its levels.

You collected 146 gold pieces.

Inventory:

Hand Weapons
 j - a +2 whip of draining (weapon)
Armour
 b - a +0 robe (worn)
 c - a +0 hat (worn)
Magical Staves
 k - a staff of death
Jewellery
 g - an amulet of guardian spirit
 o - a +6 ring of strength (left hand)
Wands
 m - a wand of light (12)
Scrolls
 a - 2 scrolls of identify {unknown}
 e - a scroll of noise {unknown}
 h - 2 scrolls of teleportation {unknown}
 i - a scroll of enchant weapon {unknown}
 p - a scroll of amnesia {unknown}
Potions
 d - a potion of magic
 f - 2 potions of curing {unknown}
 l - a potion of flight {unknown}
 n - a potion of brilliance {unknown}


   Skills:
 - Level 1.0 Fighting
 - Level 1.1 Armour
 - Level 3.0 Dodging
 - Level 3.0 Stealth
 * Level 6.7 Spellcasting
 + Level 3.0 Conjurations
 - Level 1.1 Summonings
 - Level 1.2 Necromancy
 - Level 1.1 Translocations
 + Level 0.6 Air Magic
 + Level 0.9 Earth Magic
 + Level 0.6 Poison Magic
 - Level 1.1 Evocations


You had 7 spell levels left.
You knew the following spells:

 Your Spells              Type           Power      Damage    Failure   Level
a - Magic Dart            Conj           76%        1d6       2%          1
b - Mephitic Cloud        Conj/Pois/Air  13%        N/A       16%         3
c - Call Imp              Summ           22%        N/A       9%          2
d - Blink                 Tloc           22%        N/A       9%          2
e - Stone Arrow           Conj/Erth      30%        3d8       12%         3

Your spell library contained the following spells:

 Spells                   Type           Power      Damage    Failure   Level
 Slow                     Hex            28%        N/A       9%          1
 Cigotuvi's Dreadful Rot  Necr/Pois/Air  20%        N/A       10%         2
 Animate Armour           Summ/Erth      22%        N/A       52%         4
 Lehudib's Crystal Spear  Conj/Erth      7%         10d3      100%        8


Dungeon Overview and Level Annotations

Branches:
Dungeon (4/15)             Temple (1/1) D:4

Altars:
Ashenzari
Cheibriados
Dithmenos
Elyvilon
Fedhas
Gozag
Hepliaklqana
Kikubaaqudgha
Makhleb
Okawaru
Qazlal
Ru
Sif Muna
Uskayaw
Vehumet
Wu Jian
Xom
Yredelemnul
Zin

Annotations:
D:3 2 transporters, turdburglar's ghost, amateur DsMo
D:4 Pikel


Message History

Unknown command.
Casting: Call Imp (safe; 9% risk of failure)
Confirm with . or Enter, or press ? or * to list all spells.
The spell is quite dangerous to miscast (16% risk of failure)!
Continue anyway?
Aiming: Mephitic Cloud (quite dangerous; 16% risk of failure)
Press: ? - help, Shift-Dir - straight line, f - lemure
Aim: a lemure (moderately wounded, not watching you, ally target, chance to affect: 77%) That beam is likely to hit you.
Continue anyway?
The ball explodes into a vile cloud!
The stinking cloud engulfs the lemure but does no damage.
The lemure is moderately wounded.
The stinking cloud engulfs the lemure but does no damage.
The stinking cloud engulfs you but does no damage.
The lemure is engulfed in noxious fumes.
The lemure appears confused.
The lemure hits you!
* * * LOW HITPOINT WARNING * * *
Pikel closely misses your cerulean imp.
The lemure is engulfed in noxious fumes.
The lemure appears confused.
The lemure closely misses your cerulean imp.
The jelly hits your cerulean imp.
Your cerulean imp is splashed with acid!
The acid corrodes your cerulean imp!
Your cerulean imp barely misses the lemure.
Unknown command.
The lemure is engulfed in noxious fumes.
The lemure appears confused.
The lemure is engulfed in noxious fumes.
The lemure appears confused.
Pikel misses your cerulean imp.
Your cerulean imp hits the jelly but does no damage.
Your cerulean imp is burned by acid!
Unknown command.
You hit the lemure.
The lemure is severely wounded.
Pikel hits your cerulean imp with a +0 whip of freezing.
Pikel freezes your cerulean imp.
Your cerulean imp dies!
Your cerulean imp disappears in a puff of smoke!
The lemure hits you.
You die...

.............# #....##.#
.............# #....##.#
........5....# #....##.#
...........J.# #....##.#
.........5...# #....##.#
....####.....# #....##.#
....+........# #.#
....####...K5################.#
#...........§J55@.............#
######.########################
#.# #.# #.# #.# #.# #.# #.#


You could see Pikel, 3 lemures and a jelly.

Vanquished Creatures
  A phantom (D:3)
  A hound (D:4)
  An orc priest (D:4)
  An iguana (D:4)
  Jessica (D:3)
  4 gnolls (D:3)
  4 adders (D:3)
  3 worms
  A dart slug (D:2)
  An orc (D:4)
  3 endoplasms
  A giant cockroach (D:1)
  6 goblins
  3 hobgoblins
  3 kobolds
  2 quokkas (D:3)
  5 ball pythons
  3 bats
  4 frilled lizards
  2 rats (D:3)
50 creatures vanquished.

Notes
Turn   | Place    | Note
-------+----------+-------------------------------------------
     0 | D:1      | pokeman the Deep Elf Hedge Wizard began the quest for the
                  | Orb.
     0 | D:1      | Reached XP level 1. HP: 10/10 MP: 7/7
   411 | D:1      | Reached XP level 2. HP: 15/15 MP: 6/9
  1324 | D:2      | Reached skill level 5 in Spellcasting
  1515 | D:2      | Reached XP level 3. HP: 20/20 MP: 9/11
  1519 | D:2      | Learned a level 3 spell: Mephitic Cloud
  1522 | D:2      | Learned a level 2 spell: Call Imp
  1525 | D:2      | Learned a level 2 spell: Blink
  1576 | D:2      | Learned a level 3 spell: Stone Arrow
  1910 | D:3      | Found a transporter.
  1910 | D:3      | Noticed turdburglar's ghost (amateur DsMo)
  1914 | D:3      | Found a transporter.
  1922 | D:3      | Reached skill level 1 in Fighting
  1980 | D:3      | Noticed Jessica
  1984 | D:3      | Killed Jessica
  1985 | D:3      | Reached skill level 1 in Armour
  1985 | D:3      | Reached XP level 4. HP: 25/25 MP: 9/13
  2219 | D:3      | Reached XP level 5. HP: 22/29 MP: 4/15
  2364 | D:3      | Reached skill level 6 in Spellcasting
  2663 | D:3      | Found a glowing silver altar of Zin.
  2663 | D:3      | Found a hide-covered altar of Uskayaw.
  2681 | D:3      | Found an iron altar of Okawaru.
  2818 | D:4      | Found a staircase to the Ecumenical Temple.
  2830 | D:4      | Noticed a phantom
  2928 | D:3      | Killed a phantom
  2929 | D:3      | Reached skill level 1 in Necromancy
  2929 | D:3      | Reached skill level 1 in Evocations
  3042 | D:4      | Reached XP level 6. HP: 20/34 MP: 6/17
  3129 | Temple   | Entered the Ecumenical Temple
  3258 | Temple   | Became a worshipper of Vehumet
  3405 | D:4      | Noticed Pikel
  3422 | D:4      | HP: 1/34 [lemure[Pikel] (7)]
  3424 | D:4      | Slain by a lemure

Illustrated notes

Levels and vault maps discovered:
D:1:      minmay_arrival_shoal_huts, layout_basic
D:2:      layout_basic, chequers_decorated_corner
D:3:      layout_loops_ring, gammafunk_temple_overflow_forgotten,
          gammafunk_ghost_arena, hangedman_decor_peaks_small, minivault_19,
          uniq_jessica
D:4:      layout_basic, minmay_temple_entry_proselytizer, solitary_fountain,
          uniq_pikel
Temple:   eino_temple_rhombus

Skill      XL: |  1  2  3  4  5  6 |
---------------+-------------------+-----
Spellcasting   | 5 6 |  6.7
Fighting       | 1 |  1.0
Armour         | 1 |  1.1
Conjurations   | 2 3 |  3.0
Dodging        | 3 |  3.0
Stealth        | 3 |  3.0
Necromancy     | 1 |  1.2
Evocations     | 1 |  1.1
Summonings     | |  1.1
Translocations | |  1.1
Air Magic      | |  0.6
Earth Magic    | |  0.9
Poison Magic   | |  0.6

Action                     |  1- 3 |  4- 6 || total
---------------------------+-------+-------++-------
  Melee: Dagger            |     7 |       ||     7
         Whip              |     9 |    33 ||    42
         Punch             |       |     1 ||     1
   Cast: Magic Dart        |    62 |    47 ||   109
         Mephitic Cloud    |     1 |    10 ||    11
         Call Imp          |       |     2 ||     2
   Stab: Confused          |     1 |     4 ||     5
 Armour: Robe              |     2 |     5 ||     7
  Dodge: Dodged            |     6 |    24 ||    30

Table legend: (Time is in decaauts)
 A = Elapsed time spent in this place.
 B = Non-inter-level travel time spent in this place.
 C = Inter-level travel time spent in this place.
 D = Time resting spent in this place.
 E = Time spent auto-exploring this place.
 F = Levels seen in this place.
 G = Mean time per level.
                   A        B        C        D        E       F      G
               +--------+--------+--------+--------+--------+-----+--------+
         Total |   3429 |   3300 |    129 |    160 |   2736 |   5 |  685.8 |
       Dungeon |   3283 |   3169 |    114 |    160 |   2626 |   4 |  820.8 |
        Temple |    145 |    130 |     15 |      0 |    110 |   1 |  145.0 |
               +--------+--------+--------+--------+--------+-----+--------+

Top non-repeatable levels by time:
     D:3: 1286 daAuts
     D:2: 858 daAuts
     D:1: 836 daAuts
     D:4: 301 daAuts
  Temple: 145 daAuts
